 Dungeon Crawl Stone Soup version 0.27-a0-1322-gfdffb62a71 (webtiles) character file.

Game seed: 11401380556892510666

38173 DocClef the Fighter (level 13, 0/102 HPs)
             Began as a Demonspawn Fighter on June 22, 2021.
             Was the Champion of Okawaru.
             Killed by divine providence
             ... invoked by a daeva
              (12 damage)
             ... on level 2 of the Abyss.
             The game lasted 00:42:52 (17206 turns).

DocClef the Fighter (Demonspawn Fighter)           Turns: 17206, Time: 00:42:53

Health: 0/102      AC: 33    Str: 22    XL:     13   Next: 62%
Magic:  13/13      EV: 12    Int:  4    God:    Okawaru [******]
Gold:   2530       SH: 29    Dex: 12    Spells: 12/12 levels left

rFire    + + +     SeeInvis +   J - +8 flail of Hoyniuko {vorpal, rN+ rCorr}
rCold    + + +     Faith    .   c - +0 kite shield
rNeg     + . .     Spirit   .   M - +2 scale mail "Sucwanelosh" {Rampage Fly rC+++ Str+2}
rPois    .         Reflect  +   E - +2 helmet {SInv}
rElec    +         Harm     .   D - +2 cloak
rCorr    +         Rampage  +   t - +2 pair of gloves
Will     .....                  (boots unavailable)
Stlth    +.........             w - amulet "Puakhi" {Reflect rF+++ Regen+ Int-4 SH+5 Stlth+}
HPRegen  1.27/turn              p - +4 ring of protection
MPRegen  0.26/turn              F - +4 ring of protection

@: heroic, flying, slowed, glowing, very slow
A: hooves 3, large bone plates 2, icemail 1, magic regeneration, condensation
shield, cold resistance 1, dopey 1, electricity resistance, weak 1, [frail 1]
a: Renounce Religion, Heroism, Finesse


You were on level 2 of the Abyss.
You worshipped Okawaru.
Okawaru was exalted by your worship.
You visited 3 branches of the dungeon, and saw 17 of its levels.
You visited the Abyss 1 time.
You also visited: Sewer, Ossuary, Bailey and Volcano.

You collected 2530 gold pieces.

Inventory:

Hand Weapons
 a - a +2 flail of freezing
 J - the +8 flail of Hoyniuko (weapon) {vorpal, rN+ rCorr}
   (Okawaru gifted it to you on level 1 of the Lair of Beasts)

   It inflicts extra damage upon your enemies.
   It protects you from negative energy.
   It protects you from acid and corrosion.
Missiles
 i - 15 atropa-tipped darts (quivered)
 A - 3 throwing nets
 B - 2 curare-tipped darts
Armour
 c - a +0 kite shield (worn)
 s - a +3 chain mail of fire resistance
 t - a +2 pair of gloves (worn)
 D - a +2 cloak (worn)
 E - a +2 helmet of see invisible (worn)
 M - the +2 scale mail "Sucwanelosh" (worn) {Rampage Fly rC+++ Str+2}
   (You found it on level 2 of the Lair of Beasts)

   It affects your strength (+2).
   It renders you almost immune to cold.
   It grants you flight.
   It bestows one free step when moving towards enemies.
Jewellery
 p - a +4 ring of protection (left hand)
 q - a ring of positive energy
 u - an amulet of guardian spirit
 w - the amulet "Puakhi" (around neck) {Reflect rF+++ Regen+ Int-4 SH+5 Stlth+}
   (You found it on level 13 of the Dungeon)

   [amulet of reflection]

   It reflects blocked missile attacks.
   It affects your intelligence (-4).
   It renders you almost immune to fire.
   It increases your rate of health regeneration.
   It affects your SH (+5).
   It makes you more stealthy.
 x - a ring of magical power
 F - a +4 ring of protection (right hand)
 H - a ring of flight
 I - an amulet of the acrobat
Wands
 b - a wand of iceblast (20)
 d - a wand of paralysis (3)
 v - a wand of polymorph (5)
 y - a wand of flame (23)
 G - a wand of digging (3)
Scrolls
 e - 2 scrolls of torment
 f - a scroll of amnesia
 h - 11 scrolls of identify
 l - 3 scrolls of teleportation
 C - 3 scrolls of enchant weapon
 L - a scroll of enchant armour
Potions
 g - 2 potions of magic
 j - 2 potions of heal wounds
 k - 13 potions of curing
 m - 2 potions of invisibility {unknown}
 n - 3 potions of might
 o - 6 potions of flight
 r - a potion of experience {unknown}
 z - 3 potions of cancellation {unknown}


   Skills:
 + Level 14.7(19.7) Fighting
 - Level 12.0(17.0) Maces & Flails
 - Level 6.3(11.3) Armour
 - Level 11.0(16.0) Shields


You had 12 spell levels left.
You didn't know any spells.
Your spell library contained the following spells:

 Spells                   Type           Power      Damage    Failure   Level
 Sting                    Tmut/Pois      0%         1d3       77%         1
 Summon Small Mammal      Summ           0%         N/A       77%         1
 Call Imp                 Summ           0%         N/A       88%         2
 Corpse Rot               Necr/Air       N/A        N/A       88%         2
 Poisonous Vapours        Pois/Air       0%         N/A       88%         2
 Sublimation of Blood     Necr           0%         N/A       88%         2
 Call Canine Familiar     Summ           0%         N/A       98%         3
 Confusing Touch          Hex            0%         N/A       98%         3
 Gell's Gravitas          Tloc           0%         N/A       98%         3
 Ignite Poison            Fire/Tmut/Pois 0%         N/A       98%         3
 Mephitic Cloud           Conj/Pois/Air  0%         N/A       98%         3
 Summon Guardian Golem    Hex/Summ       0%         N/A       98%         3
 Dispel Undead            Necr           0%         3d6       100%        4
 Olgreb's Toxic Radiance  Pois           0%         N/A       100%        4
 Petrify                  Tmut/Erth      0%         N/A       100%        4
 Summon Ice Beast         Ice/Summ       0%         N/A       100%        4
 Summon Lightning Spire   Summ/Air       0%         N/A       100%        4
 Agony                    Necr           0%         N/A       100%        5
 Blade Hands              Tmut           0%         N/A       100%        5
 Excruciating Wounds      Necr           0%         N/A       100%        5
 Irradiate                Conj/Tmut      0%         3d13      100%        5
 Metabolic Englaciation   Hex/Ice        0%         N/A       100%        5
 Yara's Violent Unravell  Hex/Tmut       0%         3d3       100%        5
 Statue Form              Tmut/Erth      0%         N/A       100%        6
 Dragon Form              Tmut           0%         N/A       100%        7
 Storm Form               Tmut/Air       0%         N/A       100%        7


Dungeon Overview and Level Annotations

Branches:
Dungeon (13/15)            Temple (1/1) D:4            Lair (3/6) D:9
  Sewer (visited)         Ossuary (visited)          Bailey (visited)
Volcano (visited)
  Swamp: Lair:2-4    Shoals: Lair:2-4     Snake: Lair:2-4    Spider: Lair:2-4
    Orc: D:9-12      Vaults: D:13-14

Altars:
Ashenzari
Cheibriados
Dithmenos
Elyvilon
Fedhas
Gozag
Hepliaklqana
Kikubaaqudgha
Makhleb
Nemelex Xobeh
Okawaru
Qazlal
Ru
Sif Muna
Trog
Uskayaw
Vehumet
Wu Jian
Xom
Yredelemnul
Zin
The Shining One

Shops:
D:5 :   D:7 [   D:8 :[:*(


Innate Abilities, Weirdness & Mutations

You have hooves in place of feet.
You are mostly covered in large bone plates. (SH +6)
A meltable icy envelope protects you from harm. (AC +4)
You regenerate magic rapidly.
A meltable shield of frost defends you. (SH +4)
Your flesh is cold resistant. (rC+)
You are dopey. (Int -2)
You are resistant to electric shocks. (rElec)
You are weak. (Str -2)
[You are frail. (-10% HP)]


Message History

The Shining One smites you!
You are too injured to fight recklessly!
You are too injured to fight recklessly!
You are too injured to fight recklessly!
Unknown command.
The daeva blocks your attack.
Your kick misses the daeva.
The daeva is lightly wounded.
You block the daeva's attack. x2
You gain the combat prowess of a mighty hero.
You block the daeva's attack. x4
You fail to use your ability.
The daeva calls down the wrath of the Shining One upon you.
The Shining One smites you!
You sock the daeva! You kick the daeva.
The daeva is lightly wounded.
You block the daeva's attack. x2
You hit the daeva but do no damage.
The daeva is lightly wounded.
The daeva calls down the wrath of the Shining One upon you.
The Shining One smites you!
* * * LOW HITPOINT WARNING * * *
The daeva blocks your attack.
The daeva is lightly wounded.
You block the daeva's attack.
The daeva hits you with a +5 scimitar of holy wrath.
* * * LOW HITPOINT WARNING * * *
You convulse.
* * * LOW HITPOINT WARNING * * *
You fail to use your ability.
You block the daeva's attack. The daeva barely misses you.
You block the daeva's attack. x2
You sock the daeva! The daeva blocks your attack.
The daeva is moderately wounded.
The daeva calls down the wrath of the Shining One upon you.
The Shining One smites you!
* * * LOW HITPOINT WARNING * * *
The daeva blocks your attack.
Your kick misses the daeva.
The daeva is moderately wounded.
The daeva calls down the wrath of the Shining One upon you.
The Shining One smites you!
You die...

.. ..# #.. ##.
.## #. ..#... .
.
#...##.##!##.#..
. #. #...
......# . # .
#.#.##......###.
# .#.#.##.......
...#........#.#
## .#...#..###
#.....#@.?#..
.#....A## # #.
#.#....... #
.##.##..##. #.#
..# ... # # ...
#..# # .###. ...
.# . #..#


You could see a daeva.

Vanquished Creatures
  A cacodemon (Abyss:2)
  Snorg (D:10)
  Harold (D:7)
  Erolcha (D:9)
  A boulder beetle (Lair:2)
  2 hydras
  A catoblepas (Lair:3)
  3 two-headed ogres
  The ghost of flotson the Skirmisher, a novice DsDe of Gozag (D:10)
  An orc high priest (Bailey)
  A wretched star (Abyss:2)
  4 wizards (Volcano)
  3 orc knights (Bailey)
  2 deep elf pyromancers
  3 toenail golems (Volcano)
  Maurice (D:9)
  3 gargoyles
  3 black mambas
  4 cane toads
  An unseen horror (D:10)
  Maggie (D:7)
  2 kobold demonologists
  4 komodo dragons
  4 trolls
  A hellwing (Abyss:2)
  The ghost of ptrx2 the Basher, an amateur MiFi (D:5)
  A hornet (D:9)
  A polar bear (Lair:1)
  Prince Ribbit (D:5)
  A dream sheep (Lair:2)
  A large abomination (Abyss:2)
  A spriggan (Lair:2)
  2 shadows (D:12)
  A wraith (D:10)
  30 yaks
  A basilisk (Lair:1)
  3 fire bats (Lair:3)
  A hog (shapeshifter) (D:13)
  Grum (D:9)
  A neqoxec (Abyss:2)
  A steam dragon (D:7)
  Edmund (D:5)
  An acid dragon (D:13)
  Duvessa (D:7)
  10 water moccasins
  4 black bears
  13 orc warriors
  An ice beast (D:6)
  2 necrophages
  10 centaurs
  13 wolves
  3 ogres
  2 phantoms (D:6)
  6 kobold brigands
  An elf zombie (Ossuary)
  3 scorpions
  12 bullfrogs
  A gnoll sergeant (D:7)
  Dowan (D:7)
  A water moccasin skeleton (D:6)
  11 killer bees
  7 wights (D:10)
  11 howler monkeys
  5 electric eels (Bailey)
  3 centaur zombies
  A bullfrog zombie (D:6)
  3 hounds
  A bullfrog skeleton (D:7)
  2 gnoll shamans (D:7)
  A human zombie (Ossuary)
  6 orc priests
  6 jellies
  A centaur skeleton (D:6)
  Crazy Yiuf (D:6)
  Jessica (D:2)
  5 iguanas
  Natasha (thrice) (D:2)
  7 orc wizards
  A scorpion zombie (D:5)
  A killer bee zombie (D:8)
  2 mummies (Ossuary)
  Robin (D:2)
  16 gnolls
  5 adders
  6 river rats
  2 shadow imps (D:6)
  A white imp (D:6)
  An ufetubus (D:3)
  An adder zombie (Ossuary)
  2 worms
  3 dart slugs
  30 orcs
  5 ball pythons
  3 bats (D:2)
  12 endoplasms
  4 giant cockroaches
  22 goblins
  22 hobgoblins
  6 jackals
  2 quokkas
  3 frilled lizards
  A goblin zombie (Ossuary)
  11 hobgoblin zombies (Ossuary)
  6 jackal zombies (Ossuary)
  36 kobolds
  11 kobold zombies (Ossuary)
  3 orc zombies (Ossuary)
  9 rats
487 creatures vanquished.

Vanquished Creatures (others)
  A shadow (D:10)
  12 fungi
  19 plants
  6 toadstools (D:3)
38 creatures vanquished.

Grand Total: 525 creatures vanquished

Notes
Turn   | Place    | Note
-------+----------+-------------------------------------------
     0 | D:1      | DocClef the Demonspawn Fighter began the quest for the Orb.
     0 | D:1      | Reached XP level 1. HP: 18/18 MP: 1/1
   322 | D:1      | Found a faded altar of an unknown god.
   329 | D:1      | Gained mutation: You have large cloven feet. [demonic
                  | ancestry]
   329 | D:1      | Reached XP level 2. HP: 19/24 MP: 2/2
   775 | D:1      | Reached skill level 4 in Fighting
   789 | D:2      | Noticed Jessica
   795 | D:2      | Killed Jessica
   796 | D:2      | Reached XP level 3. HP: 31/31 MP: 3/3
   796 | D:2      | Noticed Robin
   803 | D:2      | Killed Robin
  1132 | D:2      | Reached XP level 4. HP: 34/38 MP: 4/4
  1207 | D:2      | Reached skill level 5 in Fighting
  1740 | D:2      | Noticed Natasha
  1754 | D:2      | Killed Natasha
  2011 | D:2      | Noticed Natasha
  2017 | D:2      | Killed Natasha
  2018 | D:2      | Gained mutation: You have hoof-like feet. [demonic
                  | ancestry]
  2018 | D:2      | Reached XP level 5. HP: 22/46 MP: 5/5
  2387 | D:2      | Noticed Natasha
  2392 | D:2      | Killed Natasha
  2393 | D:2      | Reached skill level 6 in Fighting
  2737 | D:3      | Identified a scroll of acquirement
  2737 | D:3      | Acquired 643 gold pieces
  3016 | D:3      | Found a glowing drain.
  3019 | D:3      | Gained mutation: A meltable shield of frost defends you.
                  | (SH +4) [demonic ancestry]
  3019 | D:3      | Reached XP level 6. HP: 44/53 MP: 6/6
  3029 | Sewer    | Entered a sewer
  3030 | Sewer    | Gained mutation: Your body sometimes deteriorates upon
                  | taking damage. [potion of mutation]
  3030 | Sewer    | Gained mutation: Your flesh is cold resistant. (rC+)
                  | [potion of mutation]
  3030 | Sewer    | Gained mutation: You are resistant to electric shocks.
                  | (rElec) [potion of mutation]
  3247 | Sewer    | Reached skill level 7 in Fighting
  3812 | D:4      | Found a shimmering altar of Xom.
  3934 | D:4      | Found a staircase to the Ecumenical Temple.
  3945 | Temple   | Entered the Ecumenical Temple
  4193 | Temple   | Became a worshipper of Warmaster Okawaru
  4274 | D:4      | Reached XP level 7. HP: 52/60 MP: 7/7
  4717 | D:5      | Entered Level 5 of the Dungeon
  4819 | D:5      | Found a faded altar of an unknown god.
  4819 | D:5      | Found a faded altar of an unknown god.
  4819 | D:5      | Found a faded altar of an unknown god.
  4819 | D:5      | Noticed Prince Ribbit
  4825 | D:5      | Found a hazy altar of Hepliaklqana.
  4848 | D:5      | Killed Prince Ribbit
  4848 | D:5      | Reached * piety under Okawaru
  4849 | D:5      | Reached skill level 5 in Maces & Flails
  5081 | D:5      | Noticed Edmund
  5100 | D:5      | Killed Edmund
  5292 | D:5      | Found a sand-covered staircase.
  5301 | Ossuary  | Entered an ossuary
  5480 | Ossuary  | Gained mutation: You are partially covered in large bone
                  | plates. (SH +4) [demonic ancestry]
  5480 | Ossuary  | Reached XP level 8. HP: 32/67 MP: 8/8
  5974 | D:5      | Found Risterph's Self-Improvement Boutique.
  6009 | D:5      | Found a large runed translucent door.
  6009 | D:5      | Found a large runed translucent door.
  6066 | D:5      | Reached ** piety under Okawaru
  6102 | D:5      | Found a broken altar of Ashenzari.
  6142 | D:5      | Noticed ptrx2's ghost (amateur MiFi)
  6336 | D:5      | Killed ptrx2's ghost
  6610 | D:6      | Lost mutation: Your body sometimes deteriorates upon taking
                  | damage. [potion of mutation]
  6610 | D:6      | Gained mutation: You are dopey. (Int -2) [potion of
                  | mutation]
  6817 | D:6      | Gained mutation: A meltable icy envelope protects you from
                  | harm. (AC +4) [demonic ancestry]
  6817 | D:6      | Reached XP level 9. HP: 67/72 MP: 9/9
  6938 | D:6      | Reached *** piety under Okawaru
  7246 | D:6      | Reached skill level 10 in Maces & Flails
  7393 | D:6      | Found a runed translucent door.
  7394 | D:6      | Noticed Crazy Yiuf
  7715 | D:6      | Killed Crazy Yiuf
  7848 | D:7      | Noticed Dowan
  7849 | D:7      | Noticed Duvessa
  7857 | D:7      | Killed Dowan
  7862 | D:7      | Killed Duvessa
  7991 | D:7      | Noticed Maggie
  8010 | D:7      | Killed Maggie
  8010 | D:7      | Reached **** piety under Okawaru
  8375 | D:7      | Noticed Harold
  8400 | D:7      | Killed Harold
  8400 | D:7      | Received a gift from Okawaru
  8401 | D:7      | Reached XP level 10. HP: 79/79 MP: 7/10
  8706 | D:7      | Found Kaxecw's Armour Emporium.
  9247 | D:8      | Found a hide-covered altar of Uskayaw.
  9353 | D:8      | Found Foamiuj's Book Shop.
  9392 | D:8      | Found a flagged portal.
  9397 | Bailey   | Entered a bailey
  9481 | Bailey   | Reached skill level 5 in Shields
  9814 | Bailey   | Found an iron altar of Okawaru.
  9814 | Bailey   | Noticed an orc high priest
  9814 | Bailey   | Noticed an orc knight
  9815 | Bailey   | Noticed a sixfirhy
  9864 | Bailey   | Killed an orc knight
  9869 | Bailey   | HP: 2/79 [orc high priest (6)]
  9874 | Bailey   | Killed an orc high priest
 10198 | Bailey   | Received a gift from Okawaru
 10353 | Bailey   | Noticed an orc knight
 10409 | Bailey   | HP: 1/79 [orc knight (20)]
 10415 | Bailey   | Killed an orc knight
 10416 | Bailey   | Gained mutation: You have hooves in place of feet. [demonic
                  | ancestry]
 10416 | Bailey   | Reached XP level 11. HP: 9/84 MP: 9/11
 10934 | Bailey   | Noticed an orc knight
 10957 | Bailey   | Killed an orc knight
 11308 | Bailey   | Reached ***** piety under Okawaru
 11533 | Bailey   | Acquired 987 gold pieces
 11650 | D:8      | Found Nuocwac's Book Boutique.
 11665 | D:8      | Found Viuwuim's Armour Shop.
 11775 | D:8      | Found Guero's Assorted Antiques.
 11817 | D:8      | Found Abrip's Antique Weapon Emporium.
 12514 | D:9      | Noticed a two-headed ogre
 12520 | D:9      | Reached skill level 10 in Shields
 12528 | D:9      | Killed a two-headed ogre
 12699 | D:9      | Noticed a soul eater
 13039 | D:9      | Noticed Maurice
 13055 | D:9      | Killed Maurice
 13128 | D:9      | Noticed Grum
 13131 | D:9      | Killed Grum
 13321 | D:9      | Noticed Erolcha
 13334 | D:9      | Killed Erolcha
 13604 | D:9      | Found a staircase to the Lair.
 13703 | D:10     | Entered Level 10 of the Dungeon
 13757 | D:10     | You fall into a shaft and drop 3 floors!
 13773 | D:13     | Noticed an eight-headed hydra
 13779 | D:13     | Noticed a deep elf pyromancer
 13796 | D:13     | Killed a deep elf pyromancer
 13797 | D:13     | Reached skill level 5 in Armour
 13797 | D:13     | Identified the amulet "Puakhi" {Reflect rF+++ Regen+ Int-4
                  | SH+5 Stlth+}
 13911 | D:13     | Received a gift from Okawaru
 13997 | D:12     | Gained mutation: You are mostly covered in large bone
                  | plates. (SH +6) [demonic ancestry]
 13997 | D:12     | Reached XP level 12. HP: 78/91 MP: 10/12
 14238 | D:10     | Noticed a two-headed ogre
 14250 | D:10     | Killed a two-headed ogre
 14251 | D:10     | Reached skill level 8 in Fighting
 14349 | D:10     | Noticed Snorg
 14359 | D:10     | Killed Snorg
 14491 | D:10     | Found a large runed translucent door.
 14491 | D:10     | Found a large runed translucent door.
 14496 | D:10     | Noticed flotson's ghost (novice DsDe)
 14522 | D:10     | Found a basalt altar of Yredelemnul.
 14558 | D:10     | Reached skill level 9 in Fighting
 14605 | D:10     | Found a shadowy altar of Dithmenos.
 14851 | D:10     | Found a shimmering blue altar of Sif Muna.
 14974 | D:10     | Noticed a two-headed ogre
 14980 | D:10     | Killed a two-headed ogre
 15011 | D:10     | Reached skill level 10 in Fighting
 15169 | D:10     | Killed flotson's ghost
 15285 | Lair:1   | Entered Level 1 of the Lair of Beasts
 15343 | Lair:1   | Reached skill level 11 in Fighting
 15382 | Lair:1   | Reached ****** piety under Okawaru
 15391 | Lair:1   | Identified the +8 flail of Hoyniuko {vorpal, rN+ rCorr}
                  | (Okawaru gifted it to you on level 1 of the Lair of Beasts)
 15391 | Lair:1   | Received a gift from Okawaru
 15405 | Lair:1   | Identified the +2 rapier of Cefougoe {drain, rElec rCorr}
 15682 | Lair:1   | Reached skill level 12 in Fighting
 15848 | Lair:1   | Noticed an eight-headed hydra
 15854 | Lair:1   | Killed an eight-headed hydra
 16053 | Lair:2   | Noticed a boulder beetle
 16071 | Lair:2   | Killed a boulder beetle
 16072 | Lair:2   | Gained mutation: You regenerate magic rapidly. [demonic
                  | ancestry]
 16072 | Lair:2   | Reached XP level 13. HP: 109/109 MP: 13/13
 16154 | Lair:2   | Received a gift from Okawaru
 16222 | Lair:2   | Reached skill level 13 in Fighting
 16601 | Lair:2   | Identified the +2 scale mail "Sucwanelosh" {Rampage Fly
                  | rC+++ Str+2}
 16984 | Lair:3   | Identified the +1 morningstar of the Spinneret {flame,
                  | rElec}
 17001 | Lair:3   | Found a dark tunnel.
 17014 | Volcano  | Entered a volcano
 17028 | Volcano  | Reached skill level 14 in Fighting
 17058 | Volcano  | Received a gift from Okawaru
 17085 | Volcano  | Cast into level 2 of the Abyss (a wizard)
 17149 | Abyss:2  | Noticed a cacodemon
 17168 | Abyss:2  | Gained mutation: You are weak. (Str -2) [a cacodemon]
 17180 | Abyss:2  | Killed a cacodemon
 17189 | Abyss:2  | Noticed a daeva
 17196 | Abyss:2  | Received a gift from Okawaru
 17206 | Abyss:2  | Killed from afar by a daeva

Illustrated notes

Levels and vault maps discovered:
D:1:      minmay_arrival_three_doors, layout_loops_ring,
          chequers_ecumenical_altar_simple_redux
D:2:      layout_loops_ring, chequers_serial_rivers_large_a, uniq_robin,
          uniq_jessica, uniq_natasha
D:3:      cheibrodos_fertilizer, layout_basic, portal_sewer_entry_e, hex_medium
D:4:      layout_loops_cross, general_overflow_altar, minmay_temple_entry_trees
D:5:      layout_loops_ring, evilmike_ruin_ashenzari,
          nicolae_overflow_crystal_walls,
          nicolae_hepliaklqana_ecumenical_no_more,
          lightli_ossuary_entry_decrepit_ruins, ebering_ghost_disaster_area,
          nicolae_shop_self_help, uniq_prince_ribbit1, uniq_edmund
D:6:      minmay_octagon_keep, layout_loops_ring, kennysheep_generic_room_13,
          uniq_crazy_yiuf_cottage
D:7:      layout_cave_pools, serial_shops, nicolae_inconvenience_store,
          serial_bayou_pond_e, uniq_harold, uniq_duvessa, uniq_maggie
D:8:      layout_basic, old_standard_altar, serial_shops,
          nicolae_shop_behind_doors, shop, nicolae_stop_n_shop_1, shop_statue,
          shop_statue, enter_bailey_3, hangedman_abyss_or_decor_stagger,
          st_stairs_11, nrook_uturn, chequers_avenue
D:9:      layout_irregular_city, grunt_lair_entry_orc_guard_hut, uniq_maurice,
          uniq_erolcha, uniq_grum
D:10:     cheibrodos_barr_body, layout_stronghold, lemuel_doored_altar,
          yredelemnul_altar_generic, lemuel_tele_altar,
          ebering_ghost_disaster_area, hangedman_decor_opposing, uniq_snorg
D:11:     layout_long_grid, orc_0_dummy, serial_shops, shop_fountains, shop,
          nicolae_shop_statue_plus, kennysheep_mini_moat,
          nicolae_shop_competitors_out_of_business
D:12:     layout_loops_ring, minmay_more_statues
D:13:     layout_basic
Temple:   eino_temple_water
Lair:1:   layout_cellular_growth, minivault_23
Lair:2:   layout_roguey, grunt_forest_large_clearing_hut
Lair:3:   layout_cave_shapes, minmay_shoals_entry_centaurs,
          nicolae_volcano_entry_batcave, st_stairs_7, grunt_megastairs_3,
          minmay_lair_oklob_chamber, lemuel_fruit_tree
Abyss:2:  base:
D:14
Volcano:  volcano_bunker

Skill      XL: |  1  2  3  4  5  6  7  8  9 10 11 12 13 |
---------------+----------------------------------------+-----
Fighting       | 4 5 6 7 12 14 | 14.7
Maces & Flails | 3 6 9 12 | 12.0
Shields        | 8 11 | 11.0
Armour         | 5 6 |  6.3

Action                   |  1- 3 |  4- 6 |  7- 9 | 10-12 | 13-15 || total
-------------------------+-------+-------+-------+-------+-------++-------
Melee: Flail             |    77 |   195 |   392 |   892 |   213 ||  1769
       Kick              |    15 |    54 |   103 |   276 |    78 ||   526
       Unarmed           |       |       |    12 |       |       ||    12
Throw: Dart              |       |       |     1 |     3 |       ||     4
       Javelin           |       |       |       |     5 |       ||     5
Invok: Heroism           |       |       |     9 |    16 |     1 ||    26
       Finesse           |       |       |       |     1 |       ||     1
Evoke: Wand              |       |       |       |     1 |       ||     1
  Use: Scroll            |       |    11 |       |     4 |     1 ||    16
       Potion            |       |     6 |     2 |     6 |       ||    14
 Stab: Petrified         |       |       |       |       |     2 ||     2
Armor: Scale mail        |    50 |    85 |   117 |       |    40 ||   292
       Steam dragon scal |       |       |    17 |    29 |       ||    46
       Chain mail        |       |       |       |   229 |    26 ||   255
Dodge: Dodged            |    29 |    56 |    96 |   153 |    29 ||   363
Block: Kite shield       |    31 |   108 |   350 |  1048 |   228 ||  1765
       Reflection        |       |       |       |    22 |     5 ||    27

Table legend: (Time is in decaauts)
 A = Elapsed time spent in this place.
 B = Non-inter-level travel time spent in this place.
 C = Inter-level travel time spent in this place.
 D = Time resting spent in this place.
 E = Time spent auto-exploring this place.
 F = Levels seen in this place.
 G = Mean time per level.
                   A        B        C        D        E       F      G
               +--------+--------+--------+--------+--------+-----+--------+
         Total |  17365 |  16880 |    485 |   3440 |  10004 |  22 |  789.3 |
       Dungeon |  12216 |  11832 |    384 |   1832 |   7852 |  13 |  939.7 |
        Temple |    265 |    230 |     35 |      0 |    203 |   1 |  265.0 |
          Lair |   1697 |   1631 |     66 |      0 |   1203 |   3 |  565.7 |
         Abyss |    136 |    136 |      0 |      0 |     51 |   1 |  136.0 |
         Sewer |    346 |    346 |      0 |    137 |    152 |   1 |  346.0 |
       Ossuary |    510 |    510 |      0 |    196 |    102 |   1 |  510.0 |
        Bailey |   2125 |   2125 |      0 |   1275 |    410 |   1 | 2125.0 |
       Volcano |     67 |     67 |      0 |      0 |     30 |   1 |   67.0 |
               +--------+--------+--------+--------+--------+-----+--------+

Top non-repeatable levels by time:
  Bailey: 2125 daAuts
     D:2: 1497 daAuts
     D:6: 1422 daAuts
     D:9: 1402 daAuts
     D:8: 1204 daAuts
     D:5: 1169 daAuts
     D:7: 1167 daAuts
    D:10: 1116 daAuts
     D:1: 1103 daAuts
     D:3: 1021 daAuts
  Lair:2: 847 daAuts
  Lair:1: 750 daAuts
     D:4: 742 daAuts
 Ossuary: 510 daAuts
   Sewer: 346 daAuts
